 Dungeon Crawl Stone Soup version 0.29-a0-323-g050149af67 (webtiles) character file.

Game seed: 17230735102141250691

2 Hubjo the Firebug (level 1, 0/10 HPs)
             Began as a Deep Elf Fire Elementalist on Apr 11, 2022.
             Was a Follower of the Shining One.
             Slain by a kobold
             ... wielding a +0 short sword
              (5 damage)
             ... on level 1 of the Dungeon.
             The game lasted 00:01:10 (79 turns).

Hubjo the Firebug (Deep Elf Fire Elementalist)        Turns: 79, Time: 00:01:11

Health: 0/10       AC:  2    Str:  5    XL:     1   Next: 33%
Magic:  1/6        EV: 12    Int: 19    God:    the Shining One [*.....]
Gold:   0          SH:  0    Dex: 15    Spells: 5/6 levels left

rFire   . . .      SeeInvis .   (no weapon)
rCold   . . .      Faith    .   (no shield)
rNeg    . . .      Spirit   .   a - +0 robe
rPois   .          Reflect  .   (no helmet)
rElec   .          Harm     .   (no cloak)
rCorr   .          Rampage  .   (no gloves)
Will    .....                   (no boots)
Stlth   +.........              (no amulet)
HPRegen 0.03/turn               (no ring)
MPRegen 0.10/turn               (no ring)

@: glowing
A: no striking features
a: Renounce Religion, Divine Shield


You were on level 1 of the Dungeon.
You worshipped the Shining One.
The Shining One was aware of your devotion.
You visited 1 branch of the dungeon, and saw 1 of its levels.

Inventory:

Armour
 a - a +0 robe (worn)
Potions
 b - a potion of magic
 c - a potion of lignification {unknown}


   Skills:
 * Level 0.1 Fighting
 + Level 2.4 Dodging
 * Level 2.5 Stealth
 + Level 3.0 Spellcasting
 + Level 1.1 Conjurations
 + Level 3.3 Fire Magic


You had 5 spell levels left.
You knew the following spells:

 Your Spells              Type           Power      Damage    Failure   Level
a - Foxfire               Conj/Fire      44%        2x1d6     6%          1

Your spell library contained the following spells:

 Spells                   Type           Power      Damage    Failure   Level
 Scorch                   Fire           30%        2d7       6%          2
 Conjure Flame            Conj/Fire      11%        6-21      19%         3
 Inner Flame              Hex/Fire       9%         N/A       22%         3
 Flame Wave               Conj/Fire      11%        2d5       52%         4


Dungeon Overview and Level Annotations

Branches:
Dungeon (1/15)

Altars:
The Shining One


Message History

You don't have enough magic to cast this spell.
Your foxfire dissipates!
The foxfire hits the kobold.
The kobold is heavily wounded.
There is a glowing golden altar of the Shining One here.
A nearby plant withers and dies.
A bat comes into view.
The kobold barely misses you.
You hit the kobold but do no damage.
The kobold is heavily wounded.
The kobold completely misses you.
You barely miss the kobold.
The kobold is heavily wounded.
The bat hits the fungus.
The fungus begins to die.
The kobold hits you with a +0 short sword.
You completely miss the kobold.
The kobold is heavily wounded.
The kobold closely misses you.
You hit the kobold but do no damage.
The kobold is heavily wounded.
The kobold completely misses you.
You hit the kobold but do no damage.
The kobold is heavily wounded.
The bat hits the fungus.
The fungus begins to die.
The bat hits the fungus. x2
The kobold hits you but does no damage.
The hobgoblin hits the fungus.
The fungus begins to die.
You hit the kobold but do no damage.
The kobold is heavily wounded.
The bat hits the fungus. x2; The kobold hits you but does no damage.
The hobgoblin hits the fungus.
The bat hits the fungus.
You hit the kobold.
The kobold is severely wounded.
A nearby fungus withers and dies.
The bat hits the fungus. x3
The kobold hits you but does no damage.
The hobgoblin hits the fungus.
You hit the kobold but do no damage.
The kobold is severely wounded.
The bat hits the fungus. x2
The kobold hits you with a +0 short sword.
Ouch! That really hurt!
You die...

#####...#####
####...........###
................. . #.#
...........# .. #.#
##...##.#####.# ##.#
##.............#
...####........bg..§.###
.......#......PKP♣♣.....
##†.##.##.....P.@P......
##.........#.P.P_♣♣..#..
##.##.§.......♣♣♣ ....
###>.§.......♣ ..$
##..........
......##..!.
#......#..### .........
.........


You could see a hobgoblin, a bat and a kobold.

Vanquished Creatures
  An endoplasm (D:1)
  A bat (D:1)
  A rat (D:1)
3 creatures vanquished.

Vanquished Creatures (collateral kills)
  5 foxfires (D:1)
5 creatures vanquished.

Vanquished Creatures (others)
  10 foxfires (D:1)
  A fungus (D:1)
  A plant (D:1)
12 creatures vanquished.

Grand Total: 20 creatures vanquished

Notes
Turn   | Place    | Note
-------+----------+-------------------------------------------
     0 | D:1      | Hubjo the Deep Elf Fire Elementalist began the quest for
                  | the Orb.
     0 | D:1      | Reached XP level 1. HP: 10/10 MP: 6/6
    47 | D:1      | Found a faded altar of an unknown god.
    65 | D:1      | Prayed at the altar of an unknown god.
    65 | D:1      | Became a worshipper of the Shining One
    65 | D:1      | Reached * piety under the Shining One
    79 | D:1      | Slain by a kobold

Illustrated notes

Levels and vault maps discovered:
D:1:      onia_arrival_handbag, layout_loops_cross,
          dreamdust_ecumenical_altar_grove, minmay_misc_feat_plants

Action                   || total
-------------------------++-------
Melee: Unarmed           ||    10
 Cast: Foxfire           ||    10
Armor: Robe              ||     5
Dodge: Dodged            ||     5

Table legend: (Time is in decaauts)
 A = Elapsed time spent in this place.
 B = Non-inter-level travel time spent in this place.
 C = Inter-level travel time spent in this place.
 D = Time resting spent in this place.
 E = Time spent auto-exploring this place.
 F = Levels seen in this place.
 G = Mean time per level.
                   A        B        C        D        E       F      G
               +--------+--------+--------+--------+--------+-----+--------+
         Total |     79 |     79 |      0 |      0 |     40 |   1 |   79.0 |
       Dungeon |     79 |     79 |      0 |      0 |     40 |   1 |   79.0 |
               +--------+--------+--------+--------+--------+-----+--------+

Top non-repeatable levels by time:
     D:1: 79 daAuts
